 Dungeon Crawl Stone Soup version 0.20.0-8-g6b59dc7 (webtiles) character file.

153 qandnotyew the Chopper (level 5, -1/45 HPs)
             Began as a Draconian Monk on May 30, 2017.
             Slain by Axel's ghost (10 damage)
             ... on level 3 of the Dungeon.
             The game lasted 00:03:15 (2546 turns).

qandnotyew the Chopper (Draconian Monk)             Turns: 2546, Time: 00:03:16

Health: -1/45      AC:  5    Str: 14    XL:     5   Next: 12%
Magic:  5/5        EV: 14    Int: 16    God:
Gold:   59         SH:  0    Dex: 13    Spells: 4/4 levels left

rFire    . . .     SeeInvis .   a - +0 hand axe
rCold    . . .     Gourm    .   (no shield)
rNeg     . . .     Faith    .   (armour unavailable)
rPois    .         Spirit   .   (helmet restricted)
rElec    .         Reflect  .   (no cloak)
rCorr    .         Harm     .   (no gloves)
MR       .....                  (no boots)
Stlth    ++........             (no amulet)
Regen    0.2/turn               (no ring)
MPRegen  0.1/turn               (no ring)

@: brilliant, very slightly contaminated, hasted, invisible, very quick
A: unfitting armour, cold-blooded, AC +5
a: no special abilities


You were on level 3 of the Dungeon.
You were not hungry.

You visited 1 branch of the dungeon, and saw 3 of its levels.

You collected 59 gold pieces.

Inventory:

Hand Weapons
 a - a +0 hand axe (weapon)
Scrolls
 f - a scroll of random uselessness {unknown}
 g - 2 scrolls of remove curse {unknown}
 k - 2 scrolls of fear {unknown}
 m - a scroll of enchant armour {unknown}
 p - a scroll of amnesia {unknown}
Potions
 c - a potion of haste
 d - a potion of brilliance
 j - a potion of flight {unknown}
 n - a potion of heal wounds {unknown}
Comestibles
 b - 2 bread rations
 i - 3 royal jellies
 l - a chunk of flesh
 o - a meat ration


   Skills:
 - Level 3.2 Fighting
 + Level 4.6 Axes
 + Level 4.2 Dodging
 - Level 1.7 Stealth


You had 4 spell levels left.
You didn't know any spells.

Dungeon Overview and Level Annotations

Branches:
Dungeon (3/15)

Altars:
Fedhas

Annotations:
D:3 Axel's ghost, amateur DrTm


Innate Abilities, Weirdness & Mutations

Your plain brown scales are hard. (AC +5)
You cannot fit into any form of body armour.
You are cold-blooded and may be slowed by cold attacks.


Message History

Axel's ghost is severely damaged.
Axel's ghost barely misses you.
You hit Axel's ghost but do no damage.
Your tail-slap misses Axel's ghost.
Axel's ghost is severely damaged.
You miss Axel's ghost.
Your tail-slap misses Axel's ghost.
Axel's ghost is severely damaged.
Axel's ghost barely misses you.
You miss Axel's ghost.
Axel's ghost is severely damaged.
Axel's ghost hits you.
* * * LOW HITPOINT WARNING * * *
You closely miss Axel's ghost.
Axel's ghost is severely damaged.
You closely miss Axel's ghost.
Axel's ghost is severely damaged.
Axel's ghost misses you.
You hit Axel's ghost.
Axel's ghost is severely damaged.
Axel's ghost hits you!
You die...

#.###...## #.#
##.##.....#####.##
##...#............######
...........#...........#
.#...##...##.###..####.
.##.########.# #..# #.#
#.# #.)# #.# #.###W.#
... .#.#.@.# #. # #....#
##...# ..... .#..###
...... ## #..# #..#


You could see Axel's ghost.

Vanquished Creatures
  A centaur zombie (D:3)
  6 adders
  An ooze (D:2)
  A worm (D:2)
  A dart slug (D:2)
  2 leopard geckos (D:2)
  An orc (D:3)
  A ball python (D:2)
  5 giant cockroaches
  5 goblins
  6 hobgoblins
  3 quokkas (D:2)
  8 bats
  3 frilled lizards
  6 kobolds
  7 rats
57 creatures vanquished.

Notes
Turn   | Place    | Note
-------+----------+-------------------------------------------
     0 | D:1      | qandnotyew the Draconian Monk began the quest for the Orb.
     0 | D:1      | Reached XP level 1. HP: 19/19 MP: 1/1
   290 | D:1      | Reached XP level 2. HP: 26/26 MP: 2/2
   726 | D:2      | Reached XP level 3. HP: 23/31 MP: 3/3
  1734 | D:2      | Reached XP level 4. HP: 37/38 MP: 4/4
  2206 | D:3      | Found a blossoming altar of Fedhas.
  2450 | D:3      | Reached XP level 5. HP: 44/45 MP: 5/5
  2506 | D:3      | Noticed Axel's ghost (amateur DrTm)
  2546 | D:3      | Slain by Axel's ghost

Skill      XL: |  1  2  3  4 |
---------------+-------------+-----
Dodging        | 3 4 |  4.2
Axes           | 4 |  4.6
Fighting       | |  3.2
Stealth        | |  1.7

Action                   |  1- 3 |  4- 6 || total
-------------------------+-------+-------++-------
Melee: Hand axe          |   115 |   108 ||   223
       Tailslap          |    12 |    12 ||    24
  Use: Potion            |       |     4 ||     4
 Stab: Sleeping          |     4 |     3 ||     7
       Distracted        |     1 |       ||     1
       Invisible         |       |     6 ||     6
  Eat: Chunk             |     3 |     2 ||     5
Armor: Skin              |    30 |    41 ||    71
Dodge: Dodged            |    91 |    84 ||   175
